 Dungeon Crawl Stone Soup version 0.31-a0-265-gcf7e37af1d (webtiles) character file.

Game seed: 11906335646060596150

529 qw the Shooter (level 7, -1/59 HPs)
             Began as a Minotaur Hexslinger on July 13, 2023.
             Slain by an ice beast (10 damage)
             ... on level 5 of the Dungeon.
             The game lasted 00:01:40 (4264 turns).

qw the Shooter (Minotaur Hexslinger)                Turns: 4264, Time: 00:01:41

Health: -1/59      AC:  7    Str: 13    XL:     7   Next: 3%
Magic:  7/7        EV: 12    Int: 10    God:
Gold:   172        SH:  0    Dex: 14    Spells: 7/8 levels left

rFire   + . .        Y - +1 sling
rCold   . . .        (no shield)
rNeg    . . .        b - +2 leather armour {rF+}
rPois   .            (helmet restricted)
rElec   .            e - +1 cloak
rCorr   .            (no gloves)
SInv    .            (no boots)
Will    .....        (no amulet)
Stlth   +            (no ring)
HPRegen 0.29/turn    (no ring)
MPRegen 0.10/turn

%: no passive effects
@: no status effects
A: horns 2, retaliatory headbutt
a: no special abilities


You were on level 5 of the Dungeon.
You visited 1 branch of the dungeon, and saw 5 of its levels.

You collected 172 gold pieces.


Innate Abilities, Weirdness & Mutations

You have a pair of horns on your head.
You reflexively headbutt those who attack you in melee.


   Skills:
 - Level 4.0 Fighting
 + Level 7.5 Ranged Weapons
 - Level 1.0 Armour
 - Level 2.1 Dodging
 - Level 1.0 Spellcasting
 - Level 2.0 Hexes


You had 7 spell levels left.
You knew the following spells:

 Your Spells              Type           Power      Damage    Failure   Level
a - Slow                  Hex            16%        N/A       19%         1

Your spell library contained the following spells:

 Spells                   Type           Power      Damage    Failure   Level
 Inner Flame              Hex/Fire       2%         N/A       65%         3
 Portal Projectile        Hex/Tloc       4%         N/A       65%         3
 Cause Fear               Hex            2%         N/A       88%         4

Inventory:

Hand Weapons
 Y - a +1 sling (weapon)
Armour
 b - a +2 leather armour of fire resistance (worn)
 d - a +3 leather armour
 e - a +1 cloak (worn)
Jewellery
 f - a ring of ice
Scrolls
 g - a scroll of identify
Potions
 a - a potion of curing
 c - a potion of haste
 h - a potion of might {unknown}

Dungeon Overview and Level Annotations

Branches:
Dungeon (5/15)
 Temple: D:4-7

Altars:
Makhleb
Qazlal

Shops:
D:4 (


Message History

You headbutt the ice beast! The orc barely misses you. You furiously retaliate!
You headbutt the orc!
You kill the orc!
You shoot a sling bullet.
The sling bullet closely misses the ice beast.
The ufetubus barely misses you.
The ufetubus hits you but does no damage.
The orc closely misses you. The ice beast hits you. The ice beast freezes you.
You shoot a sling bullet. The sling bullet hits the ice beast.
The ice beast is heavily wounded.
The ufetubus barely misses you. You furiously retaliate!
You headbutt the ufetubus!
You kill the ufetubus!
The ice beast hits you. The ice beast freezes you! The orc misses you.
You furiously retaliate!
You headbutt the orc. You shoot a sling bullet.
The sling bullet closely misses the ice beast.
The orc hits you but does no damage.
An orc comes into view. It is wielding a +0 club.
The ice beast hits you. The ice beast freezes you!
You shoot a sling bullet.
The sling bullet closely misses the ice beast.
The orc barely misses you. You furiously retaliate!
You headbutt the orc!
You kill the orc!
The ice beast closely misses you.
You shoot a sling bullet.
The sling bullet barely misses the ice beast.
The ice beast hits you. The ice beast freezes you!
You shoot a sling bullet. The sling bullet hits the ice beast!
The ice beast is almost dead.
The ice beast hits you but does no damage.
You shoot a sling bullet.
The sling bullet hits the ice beast but does no damage.
The ice beast is almost dead.
The ice beast barely misses you.
You shoot a sling bullet.
The sling bullet barely misses the ice beast.
The sling bullet closely misses the orc.
The ice beast hits you. The ice beast freezes you!
You die...

...# #.##.# ..
#.######.##.# #.
###...##...##.#
#.#
#.....#..####.#
#..##..)....## .#
#..#......## ###
#.#......#
.....#........#
.......@Yo.......
.......)).....###
................
.............##..
...........).# ..
......?........
..............(
...............


You could see an ice beast and an orc.

Vanquished Creatures
  A necrophage (D:4)
  2 scorpions (D:4)
  A hound (D:3)
  An orc priest (D:3)
  2 sleepcaps (D:4)
  Ijyb (D:4)
  A hound skeleton (D:4)
  4 gnolls
  4 adders
  An ufetubus (D:5)
  3 worms
  A dart slug (D:1)
  15 orcs
  6 endoplasms
  2 giant cockroaches (D:2)
  6 goblins
  6 hobgoblins
  2 quokkas (D:2)
  12 ball pythons
  5 bats
  4 frilled lizards
  16 kobolds
  7 rats
103 creatures vanquished.

Notes
Turn   | Place    | Note
-------+----------+-------------------------------------------
     0 | D:1      | qw the Minotaur Hexslinger began the quest for the Orb.
     0 | D:1      | Reached XP level 1. HP: 16/16 MP: 1/1
     0 | D:1      | 0 ||| qw: Version: 0.3-a-52-g30416fa
     0 | D:1      | 0 ||| qw: Game counter: 7587
     0 | D:1      | 0 ||| qw: Melee chars always use a shield: true
     0 | D:1      | 0 ||| qw: God list: Okawaru
     0 | D:1      | 0 ||| qw: Allow faded altars: false
     0 | D:1      | 0 ||| qw: Do Orc after clearing Dungeon:15 true
     0 | D:1      | 0 ||| qw: Do second Lair branch before Depths: true
     0 | D:1      | 0 ||| qw: Lair rune preference: random
     0 | D:1      | 0 ||| qw: Goals: Normal
     0 | D:1      | 0 ||| PLANNING D:1-11
   436 | D:1      | Reached skill level 3 in Ranged Weapons
   448 | D:1      | Reached XP level 2. HP: 23/23 MP: 2/2
   719 | D:1      | Found a faded altar of an unknown god.
   821 | D:1      | 821 ||| UPGRADING to +0 ring mail.
   831 | D:1      | 831 ||| DROPPING +0 robe.
   832 | D:1      | 832 ||| READING scroll labelled ILEATO QOTHO.
   833 | D:1      | 833 ||| READING scroll labelled TAONNE OHAGU.
   834 | D:1      | 834 ||| READING scroll labelled WAUSMA ROJE.
   835 | D:1      | 835 ||| DROPPING scroll of poison.
  1106 | D:2      | HP: 3/24 [worm (8)]
  1108 | D:2      | Reached XP level 3. HP: 4/29 MP: 3/3
  1609 | D:2      | Reached skill level 4 in Ranged Weapons
  1822 | D:2      | 1822 ||| READING 2 scrolls labelled FASYEH MUOCS.
  1823 | D:2      | 1823 ||| READING scroll labelled LIPTOU JUMAI.
  1824 | D:2      | 1824 ||| READING scroll labelled PAROHI DA POG.
  1825 | D:2      | 1825 ||| DRINKING 2 murky orange potions.
  1826 | D:2      | 1826 ||| DRINKING 3 lumpy coppery potions.
  1827 | D:2      | 1827 ||| READING 3 scrolls of identify.
  1827 | D:2      | 1827 ||| IDENTIFYING fuming inky potion
  1828 | D:2      | 1828 ||| READING 2 scrolls of identify.
  1828 | D:2      | 1828 ||| IDENTIFYING dark potion
  1829 | D:2      | 1829 ||| DROPPING scroll of blinking.
  1830 | D:2      | 1830 ||| DROPPING potion of attraction.
  1831 | D:2      | 1831 ||| DROPPING potion of magic.
  1870 | D:3      | 1870 ||| STAIRDANCE
  1883 | D:2      | 1883 ||| UPGRADING to +2 leather armour of fire resistance.
  1893 | D:2      | 1893 ||| DROPPING +0 ring mail.
  2018 | D:3      | Found a stormy altar of Qazlal.
  2132 | D:3      | Reached XP level 4. HP: 36/36 MP: 4/4
  2343 | D:3      | Reached skill level 5 in Ranged Weapons
  2405 | D:3      | Reached skill level 3 in Fighting
  2405 | D:3      | Reached XP level 5. HP: 44/45 MP: 5/5
  2920 | D:3      | 2920 ||| READING scroll labelled MITRI VAIFAN.
  3045 | D:4      | 3045 ||| FLEEEEING.
  3046 | D:4      | 3046 ||| FLEEEEING.
  3047 | D:4      | 3047 ||| FLEEEEING.
  3048 | D:4      | 3048 ||| FLEEEEING.
  3049 | D:4      | 3049 ||| FLEEEEING.
  3050 | D:4      | 3050 ||| STAIRDANCE
  3103 | D:3      | 3103 ||| DRINKING 2 clear potions.
  3108 | D:4      | 3108 ||| STAIRDANCE
  3167 | D:4      | Noticed Ijyb
  3196 | D:4      | HP: 9/45 [Ijyb/puff of flame (3)]
  3197 | D:4      | 3197 ||| DRINKING 2 potions of heal wounds.
  3205 | D:4      | Killed Ijyb
  3206 | D:4      | Reached skill level 6 in Ranged Weapons
  3347 | D:4      | HP: 11/45 [poisoned by a scorpion]
  3348 | D:4      | 3348 ||| DRINKING potion of heal wounds.
  3352 | D:4      | Reached XP level 6. HP: 25/52 MP: 6/6
  3358 | D:4      | HP: 12/52 [adder (2)]
  3907 | D:4      | Found a burning altar of Makhleb.
  3919 | D:4      | Reached skill level 7 in Ranged Weapons
  3982 | D:4      | Found Kejaness's Weapon Shoppe.
  3989 | D:4      | 3989 ||| SHOPLISTING +2 arbalest of freezing (281 gold,
                  | have 149).
  4182 | D:4      | Reached XP level 7. HP: 56/59 MP: 7/7
  4200 | D:4      | 4200 ||| UPGRADING to +1 cloak.
  4217 | D:5      | Entered Level 5 of the Dungeon
  4251 | D:5      | Reached skill level 1 in Armour
  4261 | D:5      | HP: 9/59 [ice beast (11)]
  4264 | D:5      | Slain by an ice beast

Levels and vault maps discovered:
D:1:      co_arrival_random_square_maze, layout_loops_ring,
          shapermc_ecumenical_altar_gd
D:2:      layout_basic
D:3:      layout_loops_corners, mainiacjoe_overflow_24_doors,
          lexackson_kobold_supper
D:4:      layout_loops_ring, makhleb_blood_cavern_becter, serial_shops,
          nicolae_square_shop, kennysheep_generic_room_11, uniq_ijyb
D:5:      layout_rooms, mainiacjoe_overflow_catch_the_wave,
          grunt_dithmenos_shadows, uniq_duvessa

Skill      XL: |  1  2  3  4  5  6  7 |
---------------+----------------------+-----
Ranged Weapons | 3 4 5 6 7 |  7.5
Fighting       | 2 3 4 |  4.0
Armour         | 1 |  1.0
Dodging        | |  2.1
Spellcasting   | |  1.0
Hexes          | |  2.0

Action                     |  1- 3 |  4- 6 |  7- 9 || total
---------------------------+-------+-------+-------++-------
   Fire: Sling             |   149 |   248 |    21 ||   418
    Use: Scroll            |     8 |     1 |       ||     9
         Potion            |     2 |     3 |       ||     5
 Armour: Robe              |     6 |       |       ||     6
         Ring mail         |     7 |       |       ||     7
         Leather armour    |     2 |    43 |     3 ||    48
  Dodge: Dodged            |    41 |    85 |    13 ||   139

Table legend:
 A = Non-vault XP
 B = Vault XP
 C = Vault XP percentage of total XP
 D = Non-vault monster count
 E = Vault monster count
 F = Vault count percentage of total count
                 A         B        C        D         E       F
            +---------+---------+-------+---------+---------+-------
      Total |     600 |     157 |  20.7 |      92 |      11 |  10.7
            +---------+---------+-------+---------+---------+-------
        D:1 |      31 |       0 |   0.0 |      21 |       0 |   0.0
        D:2 |      34 |       0 |   0.0 |      17 |       0 |   0.0
        D:3 |     174 |      11 |   5.9 |      26 |       8 |  23.5
        D:4 |     338 |     146 |  30.2 |      22 |       3 |  12.0
        D:5 |      23 |       0 |   0.0 |       6 |       0 |   0.0
            +---------+---------+-------+---------+---------+-------
